 Dungeon Crawl Stone Soup version 0.29-a0-2-g12fcac58f8 (webtiles) character file.

Game seed: 3606147524855179704

1973572 freelancePsychic the Sorcerer (level 27, 211/211 HPs)
             Began as a Djinni Air Elementalist on Jan 26, 2022.
             Was the Champion of Makhleb.
             Escaped with the Orb
             ... and 3 runes!
             The game lasted 02:16:29 (49627 turns).

freelancePsychic the Sorcerer (DjAE)               Turns: 49627, Time: 02:16:30

Health: 211/211    AC: 17    Str:  5    XL:     27
Gold:   6806       EV: 22    Int: 36    God:    Makhleb [******] SH: 18 Dex: 17

rFire   + + +      SeeInvis .   a - staff of air
rCold   + . .      Faith    .   l - +2 shield of Resistance {rF++ rC++ Will++}
rNeg    . . .      Spirit   .   z - +4 troll leather armour
rPois   ∞          Reflect  .   H - +3 hat of Pondering {ponderous, Will+ MP+10 Int+5}
rElec   +          Harm     .   o - +2 cloak {rF+}
rCorr   +          Rampage  .   M - +0 pair of gloves
Will    +++++                   (boots unavailable)
Stlth   ++........              K - amulet of Masucacs {Will+ Regen+ Int+3}
HPRegen 2.05/turn               w - ring of wizardry
MPRegen 0.00/turn               Z - ring of resist corrosion

@: flying, slow
A: sickness immunity, fire resistance 2, cold vulnerability 1, float, innate
caster, hp casting, extra vitality 1, iridescent scales 1, weak 1, inability to
read while threatened, MP-powered wands
0: Orb of Zot
}: 3/15 runes: decaying, slimy, gossamer
a: Renounce Religion, Minor Destruction, Lesser Servant of Makhleb, Major
Destruction, Greater Servant of Makhleb


You escaped.
You worshipped Makhleb.
Makhleb was exalted by your worship.
You visited 12 branches of the dungeon, and saw 56 of its levels.
You also visited: Bailey, Gauntlet, Volcano and Wizlab.

You collected 7573 gold pieces.
You spent 767 gold pieces at shops.

Inventory:

Hand Weapons
 P - the +0 spear "Afucog" {elec, rElec Int+4}
   (You found it on level 1 of the Vaults)

   It occasionally discharges a powerful burst of electricity upon striking a
   foe.
   Int:       It affects your intelligence (+4).
   rElec:     It insulates you from electricity.
 S - a +0 short sword
Missiles
 d - 3 throwing nets
Armour
 l - the +2 shield of Resistance (worn) {rF++ rC++ Will++}
   (You found it on level 3 of the Elven Halls)

   rF:        It greatly protects you from fire.
   rC:        It greatly protects you from cold.
   Will:      It greatly increases your willpower.
 o - a +2 cloak of fire resistance (worn)
 z - a +4 troll leather armour (worn)
 H - the +3 hat of Pondering (worn) {ponderous, Will+ MP+10 Int+5}
   (You took it off Gastronok on level 3 of the Lair of Beasts)

   Int:       It affects your intelligence (+5).
   MP:        It affects your magic capacity (+10).
   Will:      It increases your willpower.
 M - a +0 pair of gloves (worn)
Magical Staves
 a - a staff of air (weapon)
 b - a staff of earth
 F - a staff of fire
 Y - a staff of cold
Jewellery
 i - the amulet of Oveudu Reodo {*Corrode rPois Regen+ Str+7}
   (You took it off a minotaur in a Gauntlet)

   [amulet of regeneration]

   Str:       It affects your strength (+7).
   rPois:     It protects you from poison.
   Regen:     It increases your rate of health regeneration.
   *Corrode:  It may corrode you when you take damage.
 t - a ring of ice
 u - a ring of protection from cold
 w - a ring of wizardry (left hand)
 B - a +4 ring of evasion
 K - the amulet of Masucacs (around neck) {Will+ Regen+ Int+3}
   (You found it in a Gauntlet)

   [amulet of regeneration]

   Int:       It affects your intelligence (+3).
   Regen:     It increases your rate of health regeneration.
   Will:      It increases your willpower.
 U - a +4 ring of slaying
 Z - a ring of resist corrosion (right hand)
Wands
 h - a wand of iceblast (80)
 n - a wand of mindburst (51)
 q - a wand of digging (6)
 v - a wand of acid (44)
 J - a wand of charming (22)
 L - a wand of flame (24)
 V - a wand of polymorph (9)
Scrolls
 j - 5 scrolls of enchant weapon
 k - 18 scrolls of identify {@r1}
 p - 6 scrolls of immolation
 s - 18 scrolls of teleportation {@r4}
 x - 3 scrolls of silence
 y - a scroll of holy word
 G - 5 scrolls of summoning
 I - 10 scrolls of fog
 T - 4 scrolls of fear
 W - 2 scrolls of blinking
 X - a scroll of brand weapon
Potions
 c - 10 potions of attraction
 e - 21 potions of curing {@q1}
 f - 5 potions of resistance
 g - 5 potions of mutation
 m - 13 potions of might
 r - 6 potions of cancellation
 A - 4 potions of lignification
 C - a potion of berserk rage
 D - 7 potions of haste {@q3}
 E - 2 potions of invisibility
 O - 6 potions of ambrosia
 Q - 6 potions of brilliance
 R - 8 potions of heal wounds {@q2}


   Skills:
 + Level 22.1 Fighting
 - Level 0.2 Armour
 - Level 21.1 Dodging
 - Level 8.5 Stealth
 - Level 20.3 Shields
 + Level 24.6 Spellcasting


You couldn't memorise any spells.
You knew the following spells:

 Your Spells              Type           Power      Damage    Failure   Level
a - Iron Shot             Conj/Erth      61%        9d11      0%          6
b - Chain Lightning       Conj/Air       73%        3d97      1%          9
c - Polar Vortex          Ice            61%        N/A       1%          9
d - Malign Gateway        Summ/Tloc      61%        N/A       1%          7
e - Iskenderun's Mystic   Conj/Tloc      100%       2d19      0%          4
f - Maxwell's Capacitive  Air            73%        ∞         1%          8
g - Discord               Hex            61%        N/A       1%          8
h - Beastly Appendage     Tmut           100%       N/A       0%          1
i - Flame Wave            Conj/Fire      100%       2d17      0%          4
j - Shock                 Conj/Air       100%       1d9       0%          1
k - Static Discharge      Conj/Air       100%       N/A       0%          2
l - Swiftness             Air            100%       N/A       0%          3
m - Airstrike             Air            73%        N/A       0%          4
n - Wereblood             Tmut           100%       N/A       0%          2
o - Passwall              Tmut/Erth      100%       N/A       0%          2
p - Summon Mana Viper     Hex/Summ       100%       N/A       0%          5
q - Summon Cactus Giant   Summ           61%        N/A       0%          6
Your spell library was empty.

Dungeon Overview and Level Annotations

Branches:
Dungeon (15/15)            Temple (1/1) D:5            Lair (6/6) D:11
  Swamp (4/4) Lair:3       Spider (4/4) Lair:3        Slime (5/5) Lair:5
    Orc (2/2) D:12            Elf (3/3) Orc:2        Vaults (4/5) D:13
  Crypt (3/3) Vaults:3       Tomb (0/3) Crypt:3      Depths (4/4) D:15
    Zot (5/5) Depths:4     Bailey (visited)         Volcano (visited)
 WizLab (visited)         Gauntlet (visited)

Altars:
Ashenzari
Cheibriados
Dithmenos
Fedhas
Gozag
Hepliaklqana
Makhleb
Nemelex Xobeh
Okawaru
Ru
Sif Muna
Trog
Uskayaw
Vehumet
Xom
Yredelemnul
Zin
Beogh
Lugonu

Shops:
Orc:2 !*(:   Elf:2 (   Vaults:3 !

Portals:
Hell: Depths:1 Depths:2 Depths:3 Depths:4
Abyss: Lair:2 Depths:1 Depths:3 Depths:4
Pandemonium: Depths:2
Ziggurat: Depths:2

Annotations:
D:6 2 transporters, croobank's ghost, novice OpFE
D:15 exclusion: oklob plant
Lair:2 2 transporters, Triskal's ghost, journeyman GnMo
Swamp:2 Roxanne
Elf:2 3 runed translucent doors
Vaults:1 2 transporters, howech's ghost, veteran MiGl
Depths:4 5 runed translucent doors
Zot:5 36 runed doors


Innate Abilities, Weirdness & Mutations

You are immune to sickness and miasma.
You are immune to poison.
Your flesh is very heat resistant. (rF++)
You are vulnerable to cold. (rC-)
You float through the air rather than walking.
You learn spells naturally, not from books.
Your magical power is your life essence.
You have superior vitality. (+4 MHP)
You are partially covered in iridescent scales. (AC +2)
You are weak. (Str -2)
You sometimes lose the ability to read scrolls when taking damage.
You expend health (3 HP) to strengthen your wands.


Message History

You kill the deep elf high priest!
The deep elf high priest's corpse disappears in a puff of smoke!
The bolt of lightning hits the deep elf high priest!!!!
You kill the deep elf high priest!
The deep elf high priest's corpse disappears in a puff of smoke!
The bolt of lightning hits the demonspawn corrupter!!!!
You kill the demonspawn corrupter!
Makhleb accepts your kill.
You feel better.
The deep elf sorcerer disappears in a puff of smoke!
The bolt of lightning hits the ufetubus!!!!
You kill the ufetubus!
Makhleb accepts your kill.
You feel better.
The bolt of lightning hits the demonspawn corrupter!!!
You kill the demonspawn corrupter!
Makhleb accepts your kill.
You kill Zunusiuts!
Makhleb accepts your kill.
You kill the cacodemon!
Makhleb accepts your kill.
You feel better.
The winds around you start to calm down.
You are engulfed in whirling frost.
The winds around you calm down.
(D) Dungeon (T) Temple (L) Lair (S) Swamp (N) Spider Nest (M) Slime Pits (O) Orcish Mines (E) Elven Halls (V) Vaults (C) Crypt (W) Tomb (U) Depths (H) Hell (Z) Zot
Where to? (Enter - D:1, ? - help)
There is a stone staircase leading up here.
You see here a scroll of noise.
You fly upwards.
There is a stone staircase leading down here.
There is a stone staircase leading up here.
You fly upwards.
There is a stone staircase leading down here.
There is an open door here.
There is a staircase leading out of the dungeon here.
You have escaped!

#....#.#...##...##...##...#.# #
.......#..####..##..####..#.# #
.......#..####..##..####..#.# #
.......#...##...##...##...#.# #
..###..#..........(.......#.# #
...##..##................##.# #
........######..##..#######.#####
....#...######..##..#######.##..)
...##.###.......@.....)..##......
...##..#..................#.##...
.......#...##...##.(.##...#.##...
...##..#..####..##..####..#......
)..##..#..####..##..####..#..#...
.......#...##...##...##...##.....
...###.#........##........###....
...#####'......####......'###....
....###.########..########.......


There were no monsters in sight!

Vanquished Creatures
  A pandemonium lord (D:3)
  Dissolution (Slime:2)
  the Royal Jelly (Slime:5)
  6 dread liches
  2 orbs of fire (Zot:5)
  4 ancient liches
  Mara (Crypt:1)
  A juggernaut (Depths:4)
  6 Killer Klowns
  4 golden dragons
  4 curse toes
  5 bone dragons
  2 Tzitzimimeh
  A Brimstone Fiend (D:9)
  3 electric golems (Zot:5)
  Jorgrun (Swamp:2)
  An Ice Fiend (D:9)
  12 tentacled monstrosities
  6 quicksilver dragons
  A Hell Sentinel (D:12)
  26 Orb Guardians
  6 liches
  A titan (Depths:4)
  A deep elf blademaster (Elf:3)
  16 acid blobs
  4 death cobs
  An Executioner (D:4)
  8 storm dragons
  A sphinx (Vaults:4)
  6 ancient champions
  6 shadow dragons
  A tengu reaver (Depths:3)
  3 draconian monks
  Gastronok (Lair:3)
  10 rockslimes
  2 revenants
  2 fenstrider witches
  4 azure jellies (Slime:5)
  2 fire giants (Depths:1)
  4 draconian knights
  9 vault wardens
  4 deep elf sorcerers
  5 draconian scorchers
  5 frost giants
  A daeva (Depths:2)
  3 cacodemons
  Louise (Swamp:2)
  6 emperor scorpions
  4 draconian shifters
  4 orc warlords
  23 very ugly things
  7 deep elf elementalists (Elf:3)
  5 curse skulls
  8 ghost moths
  13 ironbound preservers
  A draconian stormcaller (Depths:2)
  3 ghouls
  A broodmother (Spider:4)
  10 stone giants
  A reaper (Crypt:3)
  4 demonspawn corrupters
  3 eleionomae
  A spriggan defender (Depths:3)
  8 draconian annihilators
  9 quicksilver oozes
  A war gargoyle (Vaults:4)
  10 green draconians
  13 ironbound thunderhulks
  A caustic shrike skeleton (Depths:2)
  2 vampire knights
  A lorocyproca (D:9)
  8 black draconians
  4 deep elf demonologists
  3 bunyips
  6 red draconians
  Nessos (Lair:6)
  6 entropy weavers
  5 deep elf annihilators (Elf:3)
  8 purple draconians
  A dire elephant (Vaults:1)
  8 white draconians
  8 spark wasps
  Azrael (Orc:2)
  A purple draconian (shapeshifter) (Zot:4)
  9 yellow draconians
  A quicksilver dragon zombie (Depths:2)
  3 deep elf death magi
  3 eidola
  7 fire dragons
  7 ettins
  2 blizzard demons
  2 shambling mangroves
  14 vault guards
  14 jiangshi
  8 great orbs of eyes
  2 rakshasas (Depths:1)
  15 hydras
  6 yaktaur captains
  3 ice dragons
  8 boulder beetles
  A hell beast (D:11)
  2 ghost crabs (Swamp:3)
  5 spriggan air magi
  2 radroaches
  A death knight (Crypt:1)
  7 ironbound frosthearts
  8 two-headed ogres
  8 centaur warriors
  2 tengu warriors
  2 deep troll shamans
  4 alligators
  6 vampire magi
  9 death yaks (Lair:6)
  4 spriggan berserkers
  5 deep troll earth magi
  20 dancing weapons
  3 orc high priests (Orc:2)
  A sun demon (Zot:5)
  3 soul eaters
  12 deep elf knights
  A shadow wraith (Crypt:2)
  13 pharaoh ants
  2 sun moths
  41 skeletal warriors
  11 steelbarb worms
  6 iron trolls
  4 sixfirhies
  4 goliath frogs
  A salamander mystic (Depths:1)
  A flayed ghost (Depths:1)
  A death drake (Swamp:2)
  4 spriggan druids
  2 glowing orange brains
  2 golden dragon zombies
  A shadow dragon zombie (Depths:1)
  40 deep trolls
  7 orb spiders
  13 ironbound convokers
  6 bog bodies
  15 swamp dragons
  6 wizards
  A shadow demon (D:14)
  6 deep elf archers
  13 lindwurms
  8 orc knights
  13 deep elf pyromancers
  9 phantasmal warriors
  4 necromancers
  A stone giant zombie (D:15)
  An iron dragon zombie (Crypt:2)
  16 deep elf zephyrmancers
  17 wolf spiders
  An oklob plant (Lair:5)
  3 cyclopes
  2 salamanders (shapeshifter) (D:15)
  A sphinx skeleton (Depths:1)
  A frost giant zombie (D:15)
  3 will-o-the-wisps
  29 ugly things
  2 manticores (D:13)
  7 orc sorcerers
  26 moths of wrath
  3 salamanders (Depths:1)
  7 shining eyes
  10 vault sentinels
  A fire giant skeleton (Depths:2)
  2 eyes of devastation (Slime:5)
  5 elephants (Lair:5)
  An eye of devastation (shapeshifter) (Depths:3)
  A frost giant skeleton (Depths:2)
  A stone giant skeleton (Crypt:3)
  4 black mambas
  6 molten gargoyles
  An eleionoma skeleton (Crypt:2)
  3 orange demons
  A dire elephant skeleton (Crypt:3)
  Maggie (D:8)
  A purple draconian zombie (Crypt:3)
  2 gargoyles
  18 cane toads
  7 komodo dragons
  A hellion (Zot:4)
  4 kobold demonologists
  8 torpor snails
  A minotaur zombie (Crypt:2)
  A freezing wraith (Crypt:2)
  9 rime drakes
  A yellow draconian zombie (Crypt:3)
  8 demonic crawlers
  An efreet (Volcano)
  15 yaktaurs
  3 green draconian skeletons
  2 harpy zombies
  4 tengu conjurers
  A purple draconian skeleton (Crypt:3)
  A hellwing (D:15)
  A guardian mummy (D:15)
  A white draconian skeleton (Crypt:1)
  A red draconian skeleton (Crypt:2)
  31 meliai
  2 bloated husks (Swamp:3)
  2 polar bears
  7 trolls
  18 hornets
  Prince Ribbit (D:8)
  12 tyrant leeches
  A hydra skeleton (Crypt:2)
  A spriggan zombie (D:15)
  24 tarantellas
  20 blink frogs
  2 large abominations (D:4)
  3 harpy skeletons
  9 dream sheep (Lair:4)
  88 slime creatures
  8 flying skulls
  17 culicivoras
  17 jumping spiders
  A centaur simulacrum (D:15)
  A shadow (D:9)
  14 spriggans
  5 vampires
  An air elemental (Elf:2)
  4 wraiths
  58 yaks
  4 water elementals
  8 golden eyes
  9 fire elementals
  A black mamba skeleton (Crypt:1)
  4 wyverns
  A neqoxec (Depths:4)
  3 basilisks
  A redback (shapeshifter) (Depths:4)
  18 vampire mosquitoes
  2 chaos spawn
  59 redbacks
  A spriggan simulacrum (Depths:1)
  2 wargs (Orc:2)
  3 steam dragons
  2 naga zombies
  16 swamp worms
  3 two-headed ogre zombies
  An acid dragon (D:10)
  20 water moccasins
  Duvessa (D:6)
  5 hell hounds
  A floating eye (Slime:5)
  A sky beast (D:6)
  A black bear (Lair:2)
  An ettin simulacrum (Depths:1)
  2 ice beasts
  8 swamp drakes
  2 necrophages
  12 ogres
  63 orc warriors
  A boggart (Zot:4)
  28 wolves
  2 phantoms
  14 centaurs
  6 kobold brigands
  A fire crab zombie (Crypt:1)
  15 bullfrogs
  A gnoll sergeant (Orc:1)
  A cyclops zombie (Crypt:1)
  A scorpion (D:7)
  4 earth elementals
  2 wyvern zombies
  Dowan (D:6)
  A water moccasin zombie (D:5)
  A wyvern skeleton (D:6)
  5 troll zombies (WizLab)
  5 killer bees
  9 wights
  4 electric eels
  8 howler monkeys
  5 lava snakes (Lair:5)
  2 centaur zombies
  4 crimson imps (Depths:1)
  A bullfrog skeleton (D:5)
  2 jellies
  A basilisk skeleton (Crypt:3)
  4 centaur skeletons
  2 hounds
  30 orc priests
  Jessica (D:3)
  A black bear zombie (Crypt:1)
  3 iguanas
  27 orc wizards
  A killer bee zombie (D:4)
  6 ogre zombies (WizLab)
  A howler monkey zombie (D:9)
  3 adders
  10 gnolls
  3 shadow imps
  3 white imps
  2 ufetubi
  A lava snake skeleton (Crypt:2)
  2 worms
  3 dart slugs
  118 orcs
  5 bats
  8 endoplasms
  A giant cockroach (D:2)
  A gnoll zombie (Crypt:1)
  5 hobgoblins
  5 quokkas
  5 ball pythons
  A ball python zombie (Crypt:1)
  A dart slug zombie (Crypt:2)
  11 frilled lizards
  11 goblins
  35 kobolds
  A kobold zombie (Crypt:2)
  7 rats
  A spectral orc (D:10)
  A fire vortex (Volcano)
2134 creatures vanquished.

Vanquished Creatures (collateral kills)
  A dread lich (Crypt:3)
  Saint Roka (Depths:2)
  Xtahua (Vaults:2)
  Nikola (Spider:3)
  An eldritch tentacle (Depths:2)
  Agnes (Elf:1)
  An ancient champion (Crypt:3)
  2 thorn hunters
  A sphinx (Vaults:1)
  A storm dragon (Depths:4)
  A fenstrider witch (Swamp:2)
  A daeva (Depths:2)
  Donald (Spider:1)
  Aizul (Crypt:1)
  2 vault wardens
  An angel (Depths:2)
  A stone giant (Depths:2)
  A spriggan defender (Depths:4)
  4 ironbound preservers
  2 vampire knights (Crypt:1)
  6 very ugly things
  A green draconian (Depths:4)
  A black draconian (Depths:4)
  5 spark wasps
  A yellow draconian (Depths:4)
  A minotaur (Gauntlet)
  A red draconian (Depths:4)
  A blizzard demon (Depths:2)
  A fire dragon (Depths:4)
  A yaktaur captain (Vaults:3)
  A jiangshi (Crypt:3)
  3 vault guards
  4 hydras
  2 spriggan air magi (Depths:4)
  A ghost crab (Swamp:4)
  An alligator (Swamp:4)
  A deep troll shaman (Depths:4)
  2 death knights
  2 orc high priests (Orc:2)
  A deep troll earth mage (Depths:4)
  4 skeletal warriors
  3 deep elf knights (Elf:1)
  An iron troll (Depths:4)
  A pharaoh ant (Spider:1)
  A deep troll (shapeshifter) (Elf:2)
  A flayed ghost (Crypt:3)
  A goliath frog (Swamp:4)
  An orc knight (Vaults:3)
  11 deep trolls
  2 lindwurms (Vaults:1)
  2 bog bodies (Crypt:1)
  A necromancer (Crypt:1)
  4 ironbound convokers
  2 deep elf archers (Elf:1)
  A wizard (Vaults:3)
  2 deep elf zephyrmancers
  A phantasmal warrior (Crypt:1)
  4 ugly things
  5 deep elf pyromancers
  A wolf spider (Spider:1)
  A black mamba (Lair:3)
  A titan simulacrum (Crypt:1)
  3 vault sentinels
  An eye of devastation (shapeshifter) (Swamp:4)
  A freezing wraith (Crypt:1)
  A cane toad (shapeshifter) (Elf:1)
  A torpor snail (Spider:4)
  4 yaktaurs
  A red devil (Depths:2)
  2 hornets
  2 tyrant leeches (Swamp:2)
  4 tarantellas
  An ettin zombie (Crypt:1)
  3 culicivoras
  3 flying skulls (Crypt:1)
  2 vampires (WizLab)
  4 wraiths
  3 spriggans
  A ynoxinul (Depths:2)
  3 redbacks
  3 swamp worms (Swamp:4)
  5 orc warriors
  A necrophage (Crypt:3)
  5 wolves
  Blork the orc (Orc:1)
  A troll zombie (WizLab)
  3 orc priests
  3 orc wizards
  7 orcs
183 creatures vanquished.

Vanquished Creatures (others)
  49 eldritch tentacles
  A very ugly thing (Depths:3)
  A spriggan berserker (Depths:4)
  A skeletal warrior (Crypt:1)
  An iron troll (Depths:4)
  A deep elf zephyrmancer (Elf:1)
  An ugly thing (Depths:3)
  A bloated husk (Swamp:4)
  A wraith (Crypt:1)
  A vampire mosquito (Lair:6)
  A swamp drake (Depths:2)
  A briar patch (Swamp:4)
  4 demonic plants (D:12)
  4 foxfires (Swamp:2)
  20 fungi
  59 plants
  14 toadstools (Swamp:2)
  4 withered plants (D:15)
165 creatures vanquished.

Grand Total: 2482 creatures vanquished

Notes
Turn   | Place    | Note
-------+----------+-------------------------------------------
     0 | D:1      | freelancePsychic the Djinni Air Elementalist began the
                  | quest for the Orb.
     0 | D:1      | Reached XP level 1. HP: 15/15 MP: 0/0
   288 | D:1      | Reached XP level 2. HP: 19/22 MP: 0/0
   531 | D:1      | Reached skill level 1 in Fighting
   825 | D:1      | Reached XP level 3. HP: 21/27 MP: 0/0
   825 | D:1      | Learned a level 1 spell: Beastly Appendage
   900 | D:1      | Reached skill level 3 in Spellcasting
  1722 | D:2      | Reached XP level 4. HP: 3/33 MP: 0/0
  2383 | D:2      | Found a faded altar of an unknown god.
  2498 | D:3      | Reached XP level 5. HP: 16/38 MP: 0/0
  2498 | D:3      | Learned a level 2 spell: Wereblood
  3185 | D:3      | Noticed Jessica
  3194 | D:3      | Killed Jessica
  3263 | D:3      | Reached skill level 4 in Spellcasting
  3641 | D:3      | Found a hazy altar of Hepliaklqana.
  3923 | D:4      | Noticed a phantom
  3937 | D:4      | Reached XP level 6. HP: 45/45 MP: 0/0
  4224 | D:4      | Noticed a necrophage
  4238 | D:5      | Entered Level 5 of the Dungeon
  4238 | D:5      | Found a staircase to the Ecumenical Temple.
  4247 | Temple   | Entered the Ecumenical Temple
  4284 | Temple   | Became a worshipper of Makhleb the Destroyer
  4480 | D:5      | Reached XP level 7. HP: 10/50 MP: 0/0
  4480 | D:5      | Learned a level 2 spell: Passwall
  4679 | D:5      | Noticed a kobold demonologist
  4697 | D:5      | Killed a kobold demonologist
  4698 | D:5      | Reached skill level 5 in Spellcasting
  4717 | D:5      | Reached XP level 8. HP: 35/58 MP: 0/0
  4859 | D:5      | Reached skill level 6 in Spellcasting
  5155 | D:5      | Reached skill level 5 in Fighting
  5765 | D:6      | Found a transporter.
  5784 | D:6      | Reached * piety under Makhleb
  5803 | D:6      | Reached skill level 7 in Spellcasting
  5803 | D:6      | Reached XP level 9. HP: 56/66 MP: 0/0
  5803 | D:6      | Learned a level 4 spell: Iskenderun's Mystic Blast
  5969 | D:6      | Found a transporter.
  5973 | D:6      | Noticed croobank's ghost (novice OpFE)
  6398 | D:6      | Noticed Dowan
  6525 | D:6      | Noticed Duvessa
  6531 | D:6      | Killed Duvessa
  6534 | D:6      | Killed Dowan
  6535 | D:6      | Reached skill level 8 in Spellcasting
  6674 | D:7      | Found a flagged portal.
  6678 | D:7      | Reached ** piety under Makhleb
  6684 | Bailey   | Entered a bailey
  6870 | Bailey   | Reached XP level 10. HP: 40/75 MP: 0/0
  6974 | Bailey   | Noticed an orc knight
  6990 | Bailey   | Killed an orc knight
  6991 | Bailey   | Reached skill level 9 in Spellcasting
  7134 | D:7      | Reached *** piety under Makhleb
  7380 | D:7      | Found a bloodstained altar of Trog.
  7478 | D:7      | Found a snail-covered altar of Cheibriados.
  7725 | D:8      | Noticed Maggie
  7816 | D:8      | Killed Maggie
  8008 | D:8      | Reached skill level 1 in Shields
  8061 | D:8      | Noticed a two-headed ogre
  8068 | D:8      | Killed a two-headed ogre
  8087 | D:8      | Found an opulent altar of Gozag.
  8088 | D:8      | Found a blossoming altar of Fedhas.
  8092 | D:8      | Found a broken altar of Ashenzari.
  8177 | D:8      | Noticed Prince Ribbit
  8180 | D:8      | Killed Prince Ribbit
  8181 | D:8      | Reached XP level 11. HP: 78/82 MP: 0/0
  8181 | D:8      | Learned a level 4 spell: Flame Wave
  8294 | D:8      | Reached skill level 10 in Spellcasting
  8569 | D:9      | Noticed an eight-headed hydra
  8588 | D:9      | Reached **** piety under Makhleb
  8637 | D:9      | Killed an eight-headed hydra
  8756 | D:9      | Reached skill level 10 in Fighting
  9153 | D:9      | You are sucked into a shaft and drop 3 floors!
  9160 | D:12     | Noticed a two-headed ogre
  9199 | D:12     | Noticed a two-headed ogre
  9203 | D:12     | Killed a two-headed ogre
  9268 | D:10     | Entered Level 10 of the Dungeon
  9399 | D:10     | Found a basalt altar of Yredelemnul.
  9480 | D:10     | Noticed a two-headed ogre
  9484 | D:10     | Killed a two-headed ogre
  9485 | D:10     | Reached skill level 11 in Spellcasting
  9495 | D:10     | Identified the +5 scale mail of Loss {Will++ Str+2 Dex-5}
  9542 | D:10     | Reached XP level 12. HP: 79/93 MP: 0/0
  9543 | D:10     | Reached ***** piety under Makhleb
  9950 | D:9      | Identified the +0 buckler "Rutsias" {rCorr Int+3}
 10758 | D:11     | Found a staircase to the Lair.
 10786 | D:11     | Noticed a skeletal warrior
 10787 | D:11     | Noticed a skeletal warrior
 10790 | D:11     | Noticed a skeletal warrior
 10805 | D:11     | Killed a skeletal warrior
 10810 | D:11     | Killed a skeletal warrior
 10814 | D:11     | Killed a skeletal warrior
 10910 | D:11     | Found a shadowy altar of Dithmenos.
 11023 | D:11     | Noticed a two-headed ogre
 11028 | D:11     | Killed a two-headed ogre
 11221 | Lair:1   | Entered Level 1 of the Lair of Beasts
 11282 | Lair:1   | Identified the +3 chain mail "Yllium" {Rampage rF+ rN++
                  | Will-}
 11362 | Lair:1   | Reached skill level 5 in Dodging
 11606 | Lair:1   | You are sucked into a shaft and drop 1 floor!
 11710 | Lair:1   | Reached XP level 13. HP: 79/102 MP: 0/0
 11710 | Lair:1   | Learned a level 5 spell: Summon Mana Viper
 11801 | Lair:2   | Reached skill level 12 in Spellcasting
 11915 | Lair:2   | Found a transporter.
 11926 | Lair:2   | Found a one-way gate to the infinite horrors of the Abyss.
 11926 | Lair:2   | Noticed Triskal's ghost (journeyman GnMo)
 11948 | Lair:2   | Found a transporter.
 12248 | Lair:2   | Reached ****** piety under Makhleb
 12991 | Lair:3   | Identified a scroll of acquirement
 12993 | Lair:3   | Acquired 960 gold pieces
 13085 | Lair:3   | Noticed a six-headed hydra
 13094 | Lair:3   | Killed a six-headed hydra
 13203 | Lair:3   | Found a hole to the Spider Nest.
 13258 | Lair:3   | Noticed an eight-headed hydra
 13262 | Lair:3   | Killed an eight-headed hydra
 13373 | Lair:3   | Noticed Gastronok
 13381 | Lair:3   | Killed Gastronok
 13424 | Lair:3   | Found a staircase to the Swamp.
 13683 | Lair:4   | Found a gate leading to a gauntlet.
 13692 | Gauntlet | Entered a Gauntlet
 13692 | Gauntlet | Found a transporter.
 13692 | Gauntlet | Found a transporter.
 13692 | Gauntlet | Found a transporter.
 13692 | Gauntlet | Found a transporter.
 13696 | Gauntlet | Found a transporter.
 13706 | Gauntlet | Found a transporter.
 13710 | Gauntlet | Found a transporter.
 13718 | Gauntlet | Noticed a hell beast
 13720 | Gauntlet | Found a transporter.
 13813 | Gauntlet | Found a transporter.
 13823 | Gauntlet | Found a transporter.
 13827 | Gauntlet | Found a transporter.
 13923 | Gauntlet | Found a transporter.
 13934 | Gauntlet | Identified the amulet of Masucacs {Will+ Regen+ Int+3}
 13963 | Gauntlet | Identified the amulet of Oveudu Reodo {*Corrode rPois
                  | Regen+ Str+7}
 13963 | Gauntlet | Noticed a minotaur
 13968 | Gauntlet | Killed a minotaur
 13973 | Gauntlet | Identified the +9 great sword "Qanosch" {flame, Int+4 SInv}
 14146 | Lair:4   | Noticed a five-headed hydra
 14151 | Lair:4   | Killed a five-headed hydra
 14152 | Lair:4   | Reached XP level 14. HP: 54/111 MP: 0/0
 14538 | Lair:4   | Reached skill level 13 in Spellcasting
 14554 | Lair:4   | Identified the +4 scale mail of Inquiry {rC++}
 14980 | Lair:5   | Found a dark tunnel.
 14989 | Volcano  | Entered a volcano
 15029 | Volcano  | Reached skill level 10 in Dodging
 15381 | Lair:5   | Found a staircase to the Slime Pits.
 15745 | Lair:6   | Entered Level 6 of the Lair of Beasts
 15762 | Lair:6   | Noticed Nessos
 15780 | Lair:6   | Reached XP level 15. HP: 105/118 MP: 0/0
 15780 | Lair:6   | Learned a level 6 spell: Iron Shot
 15781 | Lair:6   | Reached skill level 15 in Fighting
 15793 | Lair:6   | Killed Nessos
 16006 | Lair:6   | Reached skill level 14 in Spellcasting
 16708 | D:12     | Found a staircase to the Orcish Mines.
 16772 | D:12     | Found a corrupted altar of Lugonu.
 17153 | Orc:1    | Entered Level 1 of the Orcish Mines
 17312 | Orc:1    | Noticed Blork the orc
 17319 | Orc:1    | Killed Blork the orc
 17642 | Orc:2    | Entered Level 2 of the Orcish Mines
 17772 | Orc:2    | Noticed Azrael
 17783 | Orc:2    | Killed Azrael
 17960 | Orc:2    | Found Cinwog Hueng's Distillery.
 17981 | Orc:2    | Bought a potion of heal wounds for 80 gold pieces
 17981 | Orc:2    | Bought a potion of heal wounds for 80 gold pieces
 18099 | Orc:2    | Found Cugryl's Assorted Antiques.
 18099 | Orc:2    | Noticed an orc warlord
 18101 | Orc:2    | Killed an orc warlord
 18118 | Orc:2    | Bought a scroll of identify for 58 gold pieces
 18481 | Orc:2    | Reached XP level 16. HP: 126/128 MP: 0/0
 18608 | Orc:2    | Found a staircase to the Elven Halls.
 18861 | Orc:2    | Found Comuduck's Book Boutique.
 19006 | Orc:2    | Found Luyzoon's Antique Weapon Shop.
 19051 | Orc:2    | Bought a fading rapier for 297 gold pieces
 19051 | Orc:2    | Identified the +1 rapier "Niunumm" {pain, Will++ Int+2}
                  | (You bought it in a shop on level 2 of the Orcish Mines)
 19676 | D:13     | Found a gate to the Vaults.
 20427 | D:14     | Acquired the +3 warlock's mirror {reflect}
 20427 | D:14     | Found the +3 warlock's mirror {reflect}
 20522 | D:14     | Identified the +0 robe "Ytreits" {Rampage rC++ Regen+
                  | Int-5}
 20664 | D:14     | Reached skill level 5 in Shields
 21068 | D:15     | Entered Level 15 of the Dungeon
 21139 | D:15     | Found a staircase to the Depths.
 21214 | D:15     | Reached skill level 15 in Spellcasting
 21349 | D:15     | Found a blossoming altar of Fedhas.
 21522 | D:15     | Reached XP level 17. HP: 135/135 MP: 0/0
 21522 | D:15     | Learned a level 6 spell: Summon Cactus Giant
 22170 | Swamp:1  | Entered Level 1 of the Swamp
 22557 | Swamp:1  | Upgraded the game from 0.28-a0-1638-g9123634e07 to
                  | 0.29-a0-2-g12fcac58f8
 22682 | Swamp:2  | Noticed a thorn hunter
 22694 | Swamp:2  | Killed a thorn hunter
 22730 | Swamp:2  | Noticed Jorgrun
 22739 | Swamp:2  | Killed Jorgrun
 22829 | Swamp:2  | Reached skill level 5 in Stealth
 22859 | Swamp:2  | Noticed Louise
 22871 | Swamp:2  | Killed Louise
 23118 | Swamp:2  | Identified Roxanne's Volume of Transformation
 23118 | Swamp:2  | Noticed Roxanne
 24000 | Swamp:4  | Entered Level 4 of the Swamp
 24157 | Spider:1 | Entered Level 1 of the Spider Nest
 24188 | Spider:1 | Reached XP level 18. HP: 141/141 MP: 0/0
 24232 | Spider:1 | Noticed Donald
 24253 | Spider:1 | Killed Donald
 24522 | Spider:1 | Reached skill level 16 in Spellcasting
 24713 | Spider:1 | Reached skill level 10 in Shields
 24817 | Spider:1 | You are sucked into a shaft and drop 1 floor!
 25145 | Spider:2 | Identified the +7 quarterstaff of the Mosquito {vorpal,
                  | rElec}
 26055 | Spider:3 | Noticed Nikola
 26408 | Elf:1    | Entered Level 1 of the Elven Halls
 26630 | Elf:1    | Noticed Agnes
 26634 | Elf:1    | Reached XP level 19. HP: 109/147 MP: 0/0
 26634 | Elf:1    | Learned a level 7 spell: Malign Gateway
 26640 | Elf:1    | Killed Agnes
 27299 | Elf:1    | Reached skill level 17 in Spellcasting
 27743 | Elf:2    | Found Fiyz's Weapon Emporium.
 28145 | Elf:2    | Found a runed translucent gate.
 28146 | Elf:2    | Found a runed translucent gate.
 28146 | Elf:2    | Found a runed translucent gate.
 28959 | Swamp:4  | Got a decaying rune of Zot
 28963 | Swamp:4  | Identified the +9 quarterstaff of the End {freeze, rPois}
 28980 | Swamp:4  | Reached XP level 20. HP: 127/154 MP: 0/0
 29483 | Spider:4 | Entered Level 4 of the Spider Nest
 29612 | Spider:3 | Killed Nikola
 30008 | Vaults:1 | Entered Level 1 of the Vaults
 30432 | Vaults:1 | Reached skill level 18 in Spellcasting
 30632 | Vaults:1 | Identified the +0 spear "Afucog" {elec, rElec Int+4}
 30714 | Vaults:1 | Reached skill level 15 in Shields
 30766 | Vaults:1 | Found a transporter.
 30767 | Vaults:1 | Identified the amulet of Houly {RegenMP Harm rN+ Will+
                  | Int-3}
 30768 | Vaults:1 | Found a transporter.
 30768 | Vaults:1 | Identified the +5 great mace of the Wasteland {freeze,
                  | Int+3}
 30768 | Vaults:1 | Noticed howech's ghost (veteran MiGl)
 31444 | Vaults:2 | Noticed Xtahua
 31456 | Vaults:2 | Killed Xtahua
 31768 | Vaults:2 | Reached XP level 21. HP: 159/159 MP: 0/0
 31768 | Vaults:2 | Learned a level 8 spell: Maxwell's Capacitive Coupling
 32865 | Vaults:3 | HP: 2/159 [ironbound thunderhulk/bolt of lightning (60)]
 32872 | Vaults:3 | Reached skill level 19 in Spellcasting
 32872 | Vaults:3 | HP: 4/159 [yaktaur captain/bolt (4)]
 32962 | Vaults:3 | Found Cayf Vae's Distillery.
 32996 | Vaults:3 | Bought a potion of curing for 54 gold pieces
 32996 | Vaults:3 | Bought a potion of curing for 54 gold pieces
 32996 | Vaults:3 | Bought a potion of cancellation for 144 gold pieces
 33348 | Vaults:3 | Found a staircase to the Crypt.
 34034 | Vaults:4 | Reached XP level 22. HP: 165/166 MP: 0/0
 35313 | Depths:1 | Entered Level 1 of the Depths
 35426 | Depths:1 | Identified the +0 helmet of Tartarus {Rampage rElec rF++
                  | Dex-3}
 35467 | Depths:1 | Found a shimmering altar of Xom.
 35644 | Depths:1 | Found a gateway to Hell.
 35748 | Depths:1 | Reached skill level 20 in Spellcasting
 36383 | Depths:2 | Noticed Saint Roka
 36402 | Depths:2 | Killed Saint Roka
 36523 | Depths:2 | Reached XP level 23. HP: 44/174 MP: 0/0
 36523 | Depths:2 | Learned a level 8 spell: Discord
 36593 | Depths:2 | Found a one-way gateway to a ziggurat.
 36685 | Depths:2 | Reached skill level 15 in Dodging
 37117 | Depths:2 | Noticed a golden dragon
 37123 | Depths:2 | Killed a golden dragon
 37136 | Depths:2 | Identified the +1 ring mail "Ojaomut" {rElec}
 37137 | Depths:2 | Identified the +9 scale mail "Tuoguawn" {-Cast Will+++
                  | Str-2 Stlth+}
 37337 | Depths:2 | Found a one-way gate leading to the halls of Pandemonium.
 38005 | Depths:3 | Found a glowing silver altar of Zin.
 38278 | Depths:4 | Entered Level 4 of the Depths
 38280 | Depths:4 | Noticed a juggernaut
 38570 | Depths:4 | Noticed a juggernaut
 38577 | Depths:4 | Banished a juggernaut
 38650 | Depths:4 | Identified the +2 ring mail "Cisekk" {Drain rPois Int+3
                  | Dex+6}
 38721 | Depths:4 | Killed a juggernaut
 39125 | Depths:4 | Reached XP level 24. HP: 176/184 MP: 0/0
 39167 | Depths:4 | Found a runed translucent door.
 39181 | Depths:4 | Found a runed translucent door.
 39203 | Depths:4 | Found a runed translucent door.
 39203 | Depths:4 | Found a runed translucent door.
 39258 | Depths:4 | Found a runed translucent door.
 39258 | Depths:4 | Found a runed translucent door.
 39391 | Depths:4 | Noticed a golden dragon
 39398 | Depths:4 | Killed a golden dragon
 39421 | Depths:4 | Found a gate to the Realm of Zot.
 40003 | Crypt:1  | Entered Level 1 of the Crypt
 40049 | Crypt:1  | Noticed Mara
 40056 | Crypt:1  | Noticed freelancePsychic's illusion
 40058 | Crypt:1  | Killed Mara
 40076 | Crypt:1  | Reached skill level 21 in Spellcasting
 40535 | Crypt:1  | Noticed Aizul
 40548 | Crypt:1  | Killed Aizul
 41216 | Crypt:2  | Identified the +1 leather armour of Ubbilig {Str+2}
 41918 | Crypt:3  | Entered Level 3 of the Crypt
 41954 | Crypt:3  | Found a magical portal.
 41989 | WizLab   | Entered Zonguldrok's Shrine
 42169 | WizLab   | Reached XP level 25. HP: 153/193 MP: 0/0
 42169 | WizLab   | Learned a level 9 spell: Chain Lightning
 42213 | WizLab   | Noticed an antique lich
 42218 | WizLab   | Killed an antique lich
 42220 | WizLab   | Found the +9 sword of Zonguldrok {reap}
 42594 | Crypt:3  | Found a staircase to the Tomb.
 42742 | Crypt:3  | Identified the ring "Qoaraid" {rF+ rN+ SInv}
 42797 | Crypt:3  | Noticed an ancient lich
 42801 | Crypt:3  | Killed an ancient lich
 42854 | Crypt:3  | Noticed a dread lich
 42859 | Crypt:3  | Killed a dread lich
 42888 | Crypt:3  | Noticed a dread lich
 42901 | Crypt:3  | Killed a dread lich
 42905 | Crypt:3  | Identified the ring of the Wild Haggis {rN+ Will- MP+9
                  | Str+10 Stlth+}
 42905 | Crypt:3  | Identified the ring of Cowardice {rN+ Str+4}
 43166 | Crypt:3  | Identified the ring of Luriuttoit {Str+6 Dex+4}
 43640 | Elf:3    | Entered Level 3 of the Elven Halls
 44201 | Elf:3    | Identified the +8 war axe "Ahifuf" {speed, rElec}
 44209 | Elf:3    | Identified the +6 quarterstaff "Goplil" {spect, rElec Dex-4
                  | SInv}
 44341 | Elf:3    | Found the +7 Spriggan's Knife {stab, EV+4 Stlth+}
 44343 | Elf:3    | Found the +2 shield of Resistance {rF++ rC++ Will++}
 44375 | Elf:3    | Identified the +8 falchion "Getuigut" {drain, *Noise rElec
                  | rPois rC++}
 44760 | Spider:4 | Reached skill level 22 in Spellcasting
 44912 | Spider:4 | Reached XP level 26. HP: 152/200 MP: 0/0
 45376 | Spider:4 | Got a gossamer rune of Zot
 45584 | Slime:1  | Entered Level 1 of the Pits of Slime
 45592 | Slime:2  | Noticed Dissolution
 45597 | Slime:2  | Killed Dissolution
 45709 | Slime:4  | Gained mutation: You sometimes lose the ability to read
                  | scrolls when taking damage. [a shining eye]
 46042 | Slime:5  | Entered Level 5 of the Pits of Slime
 46140 | Slime:5  | Noticed the Royal Jelly
 46143 | Slime:5  | Killed the Royal Jelly
 46275 | Slime:5  | Identified the +5 dagger "Beetlebane" {venom, +Blink rN+
                  | Str+2 Int+2}
 46300 | Slime:5  | Got a slimy rune of Zot
 46398 | Slime:5  | Lost mutation: You sometimes lose the ability to read
                  | scrolls when taking damage. [potion of mutation]
 46398 | Slime:5  | Gained mutation: You are weak. (Str -2) [potion of
                  | mutation]
 46398 | Slime:5  | Gained mutation: You are partially covered in iridescent
                  | scales. (AC +2) [potion of mutation]
 46792 | Zot:1    | Entered Level 1 of the Realm of Zot
 47133 | Zot:2    | Reached skill level 23 in Spellcasting
 47220 | Zot:2    | Noticed a Killer Klown
 47223 | Zot:2    | Killed a Killer Klown
 47421 | Zot:3    | Reached XP level 27. HP: 154/203 MP: 0/0
 47421 | Zot:3    | Learned a level 9 spell: Polar Vortex
 48135 | Zot:5    | Entered Level 5 of the Realm of Zot
 48247 | Zot:5    | Found a huge runed gate.
 48247 | Zot:5    | Found a huge runed gate.
 48247 | Zot:5    | Found a huge runed gate.
 48248 | Zot:5    | Found a huge runed gate.
 48248 | Zot:5    | Found a huge runed gate.
 48249 | Zot:5    | Found a huge runed gate.
 48249 | Zot:5    | Found a huge runed gate.
 48249 | Zot:5    | Found a huge runed gate.
 48249 | Zot:5    | Found a huge runed gate.
 48249 | Zot:5    | Found a huge runed gate.
 48250 | Zot:5    | Found a huge runed gate.
 48251 | Zot:5    | Found a huge runed gate.
 48252 | Zot:5    | Found a huge runed gate.
 48253 | Zot:5    | Found a huge runed gate.
 48254 | Zot:5    | Found a huge runed gate.
 48255 | Zot:5    | Found a huge runed gate.
 48263 | Zot:5    | Found a huge runed gate.
 48263 | Zot:5    | Found a huge runed gate.
 48263 | Zot:5    | Found a huge runed gate.
 48263 | Zot:5    | Found a huge runed gate.
 48263 | Zot:5    | Found a huge runed gate.
 48264 | Zot:5    | Found a huge runed gate.
 48265 | Zot:5    | Found a huge runed gate.
 48266 | Zot:5    | Found a huge runed gate.
 48267 | Zot:5    | Found a huge runed gate.
 48275 | Zot:5    | Found a huge runed gate.
 48275 | Zot:5    | Found a huge runed gate.
 48275 | Zot:5    | Found a huge runed gate.
 48275 | Zot:5    | Found a huge runed gate.
 48275 | Zot:5    | Found a huge runed gate.
 48275 | Zot:5    | Found a huge runed gate.
 48276 | Zot:5    | Found a huge runed gate.
 48427 | Zot:5    | Found a huge runed gate.
 48428 | Zot:5    | Found a huge runed gate.
 48436 | Zot:5    | Found a huge runed gate.
 48436 | Zot:5    | Found a huge runed gate.
 48452 | Zot:5    | Noticed a Killer Klown
 48461 | Zot:5    | Killed a Killer Klown
 48518 | Zot:5    | Noticed a Killer Klown
 48522 | Zot:5    | Killed a Killer Klown
 48522 | Zot:5    | Noticed an orb of fire
 48523 | Zot:5    | Noticed a Killer Klown
 48528 | Zot:5    | Killed a Killer Klown
 48532 | Zot:5    | Gained mutation: You expend health (3 HP) to strengthen
                  | your wands. [an orb of fire]
 48533 | Zot:5    | Killed an orb of fire
 48571 | Zot:5    | Noticed an ancient lich
 48581 | Zot:5    | Killed an ancient lich
 48598 | Zot:5    | Noticed a Killer Klown
 48604 | Zot:5    | Killed a Killer Klown
 48714 | Zot:5    | Noticed a Killer Klown
 48722 | Zot:5    | Killed a Killer Klown
 48730 | Zot:5    | Reached skill level 24 in Spellcasting
 48749 | Zot:5    | Noticed a dread lich
 48768 | Zot:5    | Noticed a dread lich
 48771 | Zot:5    | Killed a dread lich
 48804 | Zot:5    | Noticed an ancient lich
 48807 | Zot:5    | Killed an ancient lich
 48812 | Zot:5    | Noticed an orb of fire
 48812 | Zot:5    | Noticed a dread lich
 48819 | Zot:5    | Gained mutation: You sometimes lose the ability to read
                  | scrolls when taking damage. [an orb of fire]
 48820 | Zot:5    | Killed an orb of fire
 48822 | Zot:5    | Killed a dread lich
 48848 | Zot:5    | Noticed a dread lich
 48851 | Zot:5    | Killed a dread lich
 48870 | Zot:5    | Got the Orb of Zot
 48917 | Zot:5    | Noticed a dread lich
 48920 | Zot:5    | Killed a dread lich
 48930 | Zot:5    | Killed a dread lich
 49562 | D:3      | Noticed Zunusiuts the pandemonium lord
 49568 | D:3      | Killed Zunusiuts the pandemonium lord
 49627 | D:$      | Escaped with the Orb!

Illustrated notes

Levels and vault maps discovered:
D:1:      minmay_arrival_four_loops, layout_rooms, serial_curves,
          eino_curves_03, eino_curves_01
D:2:      layout_loops_cross, ebering_ecumenical_altar_hall, st_stairs_6,
          minmay_lizard_pond
D:3:      layout_basic, nzn_hepliaklqana_mist_gate, uniq_jessica
D:4:      layout_rooms
D:5:      layout_basic, minmay_temple_entry_grid
D:6:      layout_basic, gammafunk_ghost_stat_death, uniq_duvessa
D:7:      layout_cave_pools, lemuel_round_altar, mainiacjoe_overflow_swirl,
          enter_bailey_2
D:8:      layout_loops_ring, grunt_temple_overflow_diamond, nzn_life_drinkers,
          uniq_prince_ribbit1, uniq_maggie
D:9:      layout_grid_maze, mainiacjoe_overflow_small_starburst,
          grunt_ministairs_2
D:10:     kennysheep_six_static_rooms, layout_cave_pools,
          yredelemnul_forgotten_temple_becter
D:11:     layout_small_grid, lair_entry_dummy, nicolae_dithmenos_the_darkroom
D:12:     kennysheep_kobold_lugonu_temple, layout_basic, orc_david_3
D:13:     nicolae_cairo_tiling, layout_basic, david_vaults_4
D:14:     layout_basic
D:15:     gammafunk_depths_entry_grave, layout_cross, grunt_decor_resistance,
          tgw_fedhas
Temple:   oiseaux_autumnal_temple
Lair:1:   layout_hall_layers, grunt_megastairs_2
Lair:2:   layout_regular_city, gammafunk_ghost_abyssal_escape
Lair:3:   layout_cave_pods, palyth_hydra_swamp_entry, spider_nest_entry_a,
          uniq_gastronok
Lair:4:   layout_layer_cave, gauntlet_entry_generic, st_stairs_11,
          serial_bayou_shore_b, serial_bayou_shore_b
Lair:5:   cheibrodos_magma_flow, layout_misc_corridors,
          minmay_slime_entry_oklob_open, nicolae_volcano_entry_two_sided
Lair:6:   minmay_lair_end_frog_pond, layout_cellular_growth, uniq_nessos
Swamp:1:  layout_basic_swamp, evilmike_swamp_ruin_rubble_1
Swamp:2:  cheibrodos_swamp_tower_of_moss, layout_basic_swamp,
          hangedman_swamp_ruin_wall, uniq_roxanne, uniq_jorgrun, uniq_louise
Swamp:3:  layout_falls_marsh, nicolae_swamp_bean_lake, nicolae_swamp_godswood
Swamp:4:  swamp_alternative, layout_basic_swamp, swamp_pool5
Spider:1: layout_spider_delve, nicolae_spider_baby_got_redback, uniq_donald
Spider:2: layout_spider_delve
Spider:3: layout_cave_pods, uniq_nikola
Spider:4: hellmonk_spider_rune_bug_friends, spiders_nest_hornet_nest
Slime:1:  cheibrodos_slime_lost_civilization_1, layout_caves
Slime:2:  layout_caves, dissolution_awaits
Slime:3:  layout_caves, cheibrodos_slime_lost_civilization_4
Slime:4:  layout_caves
Slime:5
Orc:1:    layout_diamond_mine, nicolae_orc_stony_grotto, sword_in_stone
Orc:2:    pubby_orc_utopia, serial_shops, uniq_azrael
Elf:1:    nicolae_elf_arrival_no_cutting_in_line, layout_gridlike,
          minmay_elf_sorcery, drop_trap, dk_noncrumbling_2, minivault_16,
          nicolae_elf_deep_friendship, uniq_agnes
Elf:2:    nicolae_elf_blades_crystal_corner, layout_gridlike, serial_shops,
          nicolae_stop_n_shop_2
Elf:3:    minmay_elf_hall_dome, layout_loops_cross
Vaults:1: gammafunk_ghost_smash, v_misc_28,
          vaults_room_grunt_arrival_checkpoint, hangedman_vaults_snaps,
          hangedman_vaults_corner_blocks, hangedman_vaults_restitches,
          layout_vaults_omnigrid
Vaults:2: nicolae_vaults_ninety_degrees, hangedman_vaults_corner, v_pattern_3,
          ontoclasm_vaults_ring_small, st_spiral_rooms, vaults_dpeg_diagonal,
          nicolae_vaults_gold_heap, layout_vaults_chaotic_city, uniq_xtahua
Vaults:3: v_alt_pattern_3, v_alt_pattern_2, nicolae_vaults_network_quincunx
          [nicolae_vaults_network_quincunx_subvault,
          nicolae_vaults_network_quincunx_subvault,
          nicolae_vaults_network_quincunx_subvault,
          nicolae_vaults_network_quincunx_subvault,
          nicolae_vaults_network_quincunx_subvault], ontoclasm_vaults_spin,
          nicolae_vaults_ring_of_whatevers, nicolae_vaults_asterisk,
          nicolae_vaults_alarming, minmay_crypt_entry_simple_box,
          nicolae_vaults_little_ls, nicolae_vaults_border_crossing,
          nicolae_vaults_little_squares_2, v_misc_5, layout_vaults_omnicross,
          serial_shops, nicolae_shop_crystal
Vaults:4: hangedman_vaults_restitches, v_misc_4, v_pattern_1, v_alt_pattern_6,
          v_misc_25, v_misc_3, hangedman_vaults_nails,
          nicolae_vaults_little_squares_6, nicolae_vaults_little_squares_3,
          nicolae_vaults_little_squares_2, nicolae_vaults_rhombus_6, v_misc_25,
          nicolae_vaults_diagonal_hallway_8, nicolae_vaults_little_squares_1,
          v_alt_pattern_3, serial_ice_g, layout_vaults_ring
Crypt:1:  layout_misc_corridors, grunt_crypt_arrival_split, uniq_aizul,
          uniq_mara
Crypt:2:  layout_chaotic_city, grunt_ministairs_3
Crypt:3:  david_glass_crypt, layout_misc_corridors,
          nicolae_tomb_entry_rubble_hallway, mu_enter_wizlab_2,
          weyrava_lich_vault
Depths:1: layout_basic, hangedman_abyss_entry_splay, pf_coc_iceberg,
          led_xom_imps
Depths:2: gold_lair_mu, layout_gridville, enter_ziggurat_c, hell_entry,
          roderic_lattice_octagonal_star, rand_demon_pan_entry_3,
          minmay_microvault, uniq_saint_roka
Depths:3: cheibrodos_quadrivalence, layout_honeycomb, hell_entry, abyss_entry,
          zin_angel
Depths:4: evilmike_zot_entry_castle, layout_cave_shapes, hell_entry,
          minmay_misc_feat_tiny, abyss_entry, serial_bayou_shore_b,
          serial_bayou_shore_b
Zot:1:    layout_gridlike, zot_minivault_5
Zot:2:    layout_cathedral_of_symmetry, st_stairs_6, grunt_megastairs_3
Zot:3:    layout_misc_corridors, lemuel_flame_loot_1, grunt_megastairs_1
Zot:4:    hangedman_orp_of_zott, layout_misc_corridors
Zot:5:    layout_gridlike, gammafunk_ghost_door_vault, grunt_ministairs_6,
          st_stairs_7

Skill      XL: |  1  2  3  4  5  6  7  8  9 10 11 12 13 14 15 16 17 18 19 20 21 22 23 24 25 26 27 |
---------------+----------------------------------------------------------------------------------+-----
Fighting       | 1 2 3 4 5 7 8 10 12 13 14 16 17 18 19 20 22 | 22.1
Spellcasting   | 3 4 5 7 8 9 11 12 13 14 15 16 17 18 19 20 21 22 23 24 | 24.6
Shields        | 3 4 6 9 11 13 15 17 18 20 | 20.3
Dodging        | 5 9 11 13 14 16 17 20 21 | 21.1
Stealth        | 3 6 8 |  8.5
Armour         | |  0.2

Action                   |  1- 3 |  4- 6 |  7- 9 | 10-12 | 13-15 | 16-18 | 19-21 | 22-24 | 25-27 || total
-------------------------+-------+-------+-------+-------+-------+-------+-------+-------+-------++-------
Melee: Spear             |       |       |     3 |     8 |     3 |       |       |       |       ||    14
       Punch             |       |       |     1 |       |       |       |       |       |       ||     1
       Staff             |       |       |       |       |     1 |     2 |     2 |     3 |     2 ||    10
 Cast: Shock             |    58 |   114 |    47 |       |       |       |       |       |       ||   219
       Static Discharge  |     8 |    21 |    22 |       |       |       |       |       |       ||    51
       Passwall          |       |       |     1 |       |       |       |       |       |       ||     1
       Airstrike         |       |       |    71 |   281 |   235 |       |       |       |     2 ||   589
       Iskenderun's Myst |       |       |    24 |    70 |   123 |    37 |       |     4 |       ||   258
       Summon Mana Viper |       |       |       |       |    10 |    23 |     1 |       |       ||    34
       Iron Shot         |       |       |       |       |   158 |   565 |   479 |   676 |    34 ||  1912
       Summon Cactus Gia |       |       |       |       |       |    12 |     2 |       |       ||    14
       Malign Gateway    |       |       |       |       |       |       |    30 |    17 |     3 ||    50
       Discord           |       |       |       |       |       |       |       |    14 |       ||    14
       Chain Lightning   |       |       |       |       |       |       |       |       |   408 ||   408
       Maxwell's Capacit |       |       |       |       |       |       |       |       |     4 ||     4
       Polar Vortex      |       |       |       |       |       |       |       |       |    17 ||    17
Evoke: Wand              |       |       |       |       |       |       |       |     1 |     1 ||     2
  Use: Scroll            |       |     4 |     4 |     9 |    10 |    10 |     4 |     6 |     6 ||    53
       Potion            |       |       |       |       |       |     1 |     5 |       |     9 ||    15
 Stab: Sleeping          |       |       |     1 |     1 |       |       |       |       |       ||     2
Armor: Robe              |     3 |     4 |     6 |       |       |       |       |       |       ||    13
       Troll leather arm |       |       |       |       |    22 |    58 |    41 |    38 |    20 ||   179
Dodge: Dodged            |     7 |    30 |    21 |    27 |    92 |   154 |    85 |    99 |    88 ||   603
Block: Buckler           |       |       |       |     4 |    34 |    88 |    12 |       |       ||   138
       Reflection        |       |       |       |       |       |    18 |     5 |       |       ||    23
       Tower shield      |       |       |       |       |       |       |   196 |   248 |    24 ||   468
       Kite shield       |       |       |       |       |       |       |       |       |    62 ||    62

Table legend: (Time is in decaauts)
 A = Elapsed time spent in this place.
 B = Non-inter-level travel time spent in this place.
 C = Inter-level travel time spent in this place.
 D = Time resting spent in this place.
 E = Time spent auto-exploring this place.
 F = Levels seen in this place.
 G = Mean time per level.
                   A        B        C        D        E       F      G
               +--------+--------+--------+--------+--------+-----+--------+
         Total |  52418 |  46550 |   5868 |   1339 |  35194 |  60 |  873.6 |
       Dungeon |  15556 |  13719 |   1837 |    608 |  11043 |  15 | 1037.1 |
        Temple |     60 |     38 |     22 |      0 |     23 |   1 |   60.0 |
          Lair |   5646 |   4736 |    910 |     41 |   3865 |   6 |  941.0 |
         Swamp |   2856 |   2562 |    294 |     48 |   1843 |   4 |  714.0 |
   Spider Nest |   3591 |   3020 |    571 |     85 |   2193 |   4 |  897.8 |
    Slime Pits |    932 |    838 |     94 |    106 |    506 |   5 |  186.4 |
  Orcish Mines |   2718 |   2308 |    410 |      0 |   1729 |   2 | 1359.0 |
   Elven Halls |   3089 |   2821 |    268 |      0 |   2123 |   3 | 1029.7 |
        Vaults |   5849 |   5365 |    484 |      4 |   4149 |   4 | 1462.2 |
         Crypt |   3237 |   3091 |    146 |    147 |   2246 |   3 | 1079.0 |
        Depths |   5164 |   4630 |    534 |     14 |   3650 |   4 | 1291.0 |
           Zot |   2436 |   2144 |    292 |    276 |   1126 |   5 |  487.2 |
        Bailey |    425 |    425 |      0 |      0 |    299 |   1 |  425.0 |
       Volcano |    199 |    199 |      0 |      0 |    118 |   1 |  199.0 |
        Wizlab |    321 |    321 |      0 |     10 |     93 |   1 |  321.0 |
      Gauntlet |    332 |    332 |      0 |      0 |    182 |   1 |  332.0 |
               +--------+--------+--------+--------+--------+-----+--------+

Top non-repeatable levels by time:
   Orc:2: 2014 daAuts
Depths:4: 1670 daAuts
Vaults:1: 1560 daAuts
Vaults:3: 1559 daAuts
  Lair:3: 1524 daAuts
Depths:2: 1516 daAuts
Vaults:2: 1514 daAuts
   Elf:1: 1475 daAuts
     D:1: 1441 daAuts
     D:9: 1328 daAuts
     D:5: 1301 daAuts
     D:2: 1267 daAuts
Vaults:4: 1214 daAuts
Spider:3: 1207 daAuts
 Crypt:1: 1189 daAuts
